 Dungeon Crawl Stone Soup version 0.17-a0-1210-g1e4f09d (webtiles) character file.

485 SWAGNEMITE the Covert (level 6, -1/47 HPs)
             Began as a Vampire Assassin on June 3, 2015.
             Was an Initiate of Dithmenos.
             Slain by an orc priest
             ... wielding a cursed +0 dagger
              (4 damage)
             ... on level 5 of the Dungeon.
             The game lasted 00:17:18 (4282 turns).

SWAGNEMITE the Covert (Vampire Assassin)            Turns: 4282, Time: 00:17:18

Health: -1/47      AC:  0    Str:  5    XL:     6   Next: 88%
Magic:  4/6        EV: 22    Int: 14    God:    Dithmenos [......]
Gold:   327        SH:  0    Dex: 22    Spells: 0 memorised, 5 levels left

rFire  . . .     SeeInvis +     (weapon currently unavailable)
rCold  . . .     Clarity  .     (armour currently unavailable)
rNeg   + . .     SustAt   .     (shield currently unavailable)
rPois  .         Gourm    .     (helmet currently unavailable)
rElec  .         Spirit   .     (cloak currently unavailable)
rCorr  .         Warding  .     (gloves currently unavailable)
rMut   .         Stasis   .     (boots currently unavailable)
MR     .....                    (no amulet)
Stlth  +++++.....               (ring currently unavailable)
                                (ring currently unavailable)

@: bat-form, flying, very quick, not resistant to hostile enchantments, quite
stealthy
A: (fangs 0), see invisible, (unbreathing)
a: End Transformation, Renounce Religion


You were on level 5 of the Dungeon.
You worshipped Dithmenos.
Dithmenos was noncommittal.
You were not thirsty.
You were in vampire-bat-form.
You visited 2 branches of the dungeon, and saw 6 of its levels.

You collected 327 gold pieces.

Inventory:

Hand weapons
 a - a +2 dagger of venom (melded)
   (You took it off a kobold on level 2 of the Dungeon)
 b - a +0 blowgun
 t - a +0 rapier
   (You found it on level 3 of the Dungeon)
Missiles
 e - 29 poisoned needles
 f - 2 curare-tipped needles
Armour
 c - a +0 robe
 d - a +0 cloak (melded)
 i - a +1 pair of gloves (melded)
   (You found it on level 1 of the Dungeon)
 u - a +0 buckler
   (You found it on level 2 of the Dungeon)
 B - a +0 steam dragon armour (melded) {rSteam}
   (You found it on level 5 of the Dungeon)
Jewellery
 w - a ring of magical power (melded) {MP+9}
   (You found it on level 3 of the Dungeon)
 x - a cursed -3 ring of protection (melded)
   (You found it on level 3 of the Dungeon)
Scrolls
 k - a scroll of teleportation {unknown}
 m - a scroll of enchant armour
 z - a scroll of identify
Potions
 g - 5 potions of blood {@q1}
 h - a potion of mutation {unknown}
 j - a potion of flight {unknown}
 l - a potion of lignification {unknown}
 n - 3 potions of heal wounds {unknown}
 o - 2 potions of invisibility {unknown}
 p - 2 potions of brilliance
 r - a potion of resistance {unknown}
 s - 2 potions of curing {unknown}


   Skills:
 + Level 3.1 Fighting
 * Level 4.0 Short Blades
 - Level 1.5 Throwing
 + Level 3.3 Dodging
 * Level 8.9 Stealth


You had 5 spell levels left.
You didn't know any spells.

Dungeon Overview and Level Annotations

Branches:
Dungeon (5/15)             Temple (1/1) D:4

Altars:
Cheibriados
Dithmenos
Gozag
Kikubaaqudgha
Nemelex Xobeh
Okawaru
Qazlal
Trog
Vehumet
Xom
Zin
The Shining One

Shops:
D:5 }(


Innate Abilities, Weirdness & Mutations

((You have razor-sharp teeth.))
You have supernaturally acute eyesight.
((You can survive without breathing.))


Message History

Drop what? 28/52 slots (_ for help) (? for menu, Esc to quit)
You drop a dagger of flaming.
Wear which item? (? for menu, Esc to quit)
You start removing your armour.
You continue taking off your +0 robe.
You continue taking off your +0 robe. x3
You finish taking off your +0 robe.
You start putting on your armour.
You continue putting on your steam dragon armour {rSteam}. x5
You finish putting on your +0 steam dragon armour {rSteam}.
Things that are here:
a club; a hobgoblin corpse
Found Ron Muc's Gadget Shoppe.
No target in view!
There is an entrance to Ron Muc's Gadget Shoppe here.
A jackal comes into view.
A jackal is nearby!
An orc comes into view. It is wielding a hand axe.
A jackal and an orc warrior come into view.
A jackal and an orc priest come into view.
The jackal barks!
The floor.
Okay, then.
You don't know any spells.
Okay, then.
The orc shouts!
The jackal barks!
The jackal barely misses you. The jackal closely misses you. x2
The jackal pauses to sniff the ground.
The jackal misses you.
You hit the jackal.
You kill the jackal!
Dithmenos accepts your kill.
You barely miss the jackal. You bite the jackal.
You draw the jackal's blood!
You feel slightly less thirsty.
You kill the jackal!
Dithmenos accepts your kill.
The jackal barks!
You hit the orc. You closely miss the orc. The orc completely misses you.
You hit the orc.
You kill the orc!
Dithmenos accepts your kill.
You closely miss the jackal.
The orc priest shouts!
You bite the jackal, but do no damage.
The jackal bites you but does no damage.
You hit the jackal but do no damage.
The jackal is poisoned.
You bite the jackal.
The jackal bites you but does no damage.
You hit the jackal but do no damage.
The jackal looks even sicker.
You kill the jackal!
Dithmenos accepts your kill.
The orc priest calls down the wrath of Beogh upon you.
Something smites you!
You take 12 damage, and have 35/47 hp.
MASSIVE DAMAGE!!
The orc priest becomes somewhat translucent.
A phantom comes into view.
You hit the phantom. You hit the phantom. The phantom hits you!
The phantom blinks!
You take 8 damage, and have 29/47 hp.
Read which item? (? for menu, Esc to quit)
Okay, then.
The orc priest mumbles some strange prayers to Beogh against you.
Something smites you!
You take 13 damage, and have 16/47 hp.
MASSIVE DAMAGE!!
Drink which item? (? for menu, Esc to quit)
Okay, then.
Read which item? (? for menu, Esc to quit)
As you read the scroll labeled JUKHLO QECKYQUDUH, it crumbles to dust.
It is a scroll of recharging.
You aren't carrying any rechargeable items.
Read which item? (? for menu, Esc to quit)
As you read the scroll labeled NOXIXA VAPNOGH, it crumbles to dust.
Dithmenos forgives your accidental fire-starting, just this once.
The creatures around you are filled with an inner flame!
It was a scroll of immolation.
Drink which item? (? for menu, Esc to quit)
Okay, then.
Read which item? (? for menu, Esc to quit)
As you read the scroll labeled XYUNKU ENGO, it crumbles to dust.
The scroll dissolves into smoke.
It was a scroll of fog.
The orc priest invokes the aid of Beogh against you.
Something smites you!
* * * LOW HITPOINT WARNING * * *
You take 14 damage, and have 3/47 hp.
MASSIVE DAMAGE!!
Drink which item? (? for menu, Esc to quit)
Okay, then.
You turn into a vampire bat.
Your +2 dagger of venom melds into your body.
Your +0 cloak melds into your body.
Your +1 pair of gloves melds into your body.
Your +0 steam dragon armour {rSteam} melds into your body.
Your ring of magical power {MP+9} melds into your body.
Your cursed -3 ring of protection melds into your body.
Your +2 dagger of venom stops dripping with poison.
You feel your magic capacity decrease. The orc priest hits you with a dagger.
You die...

#.#..... ##......
....... .....#
.....# #§§..#
#§#..# #b#..# #
#o#..# o#######
#W§.# ........##
#..## ... ....##
##.## ..# #...#
###..# $.##
##...###..#.#
..o###...)....##.#
#
..............##.##
#..


You could see a phantom and an orc priest (inner flame).

Vanquished Creatures
  A centaur (D:3)
  An ogre (D:3)
  A giant frog (D:4)
  2 orc wizards
  2 orc priests (D:3)
  4 adders
  An ooze (D:1)
  An adder skeleton (D:4)
  2 worms (D:2)
  3 giant geckos
  19 orcs
  14 hobgoblins
  8 kobolds
  3 quokkas
  2 ball pythons (D:1)
  11 bats
  3 giant cockroaches
  5 giant newts
  7 goblins
  3 jackals (D:5)
  A quokka skeleton (D:4)
  5 rats
99 creatures vanquished.

Notes
Turn   | Place    | Note
--------------------------------------------------------------
     0 | D:1      | SWAGNEMITE the Vampire Assassin began the quest for the Orb.
     0 | D:1      | Reached XP level 1. HP: 16/16 MP: 1/1
    68 | D:1      | Reached skill level 6 in Stealth
   217 | D:1      | Reached skill level 1 in Short Blades
   217 | D:1      | Reached XP level 2. HP: 17/22 MP: 2/2
   352 | D:1      | Reached skill level 2 in Fighting
   854 | D:2      | Reached XP level 3. HP: 11/27 MP: 3/3
  1770 | D:2      | Reached skill level 2 in Dodging
  1861 | D:2      | Reached skill level 2 in Short Blades
  1861 | D:2      | Reached XP level 4. HP: 33/33 MP: 4/4
  1866 | D:2      | Reached skill level 7 in Stealth
  2168 | D:3      | Noticed a centaur
  2181 | D:3      | Killed a centaur
  2181 | D:3      | Reached skill level 3 in Short Blades
  2181 | D:3      | Reached XP level 5. HP: 25/39 MP: 5/5
  2352 | D:3      | Noticed an ogre
  2356 | D:3      | Killed an ogre
  2356 | D:3      | Reached skill level 8 in Stealth
  2356 | D:3      | Reached XP level 6. HP: 46/46 MP: 6/6
  3514 | D:4      | Found a sparkling altar of Nemelex Xobeh.
  3514 | D:4      | Found a stormy altar of Qazlal.
  3516 | D:4      | Found a glowing golden altar of the Shining One.
  3516 | D:4      | Found an opulent altar of Gozag.
  3636 | D:4      | Noticed an angel
  3637 | D:4      | Found a glowing silver altar of Zin.
  3637 | D:4      | Found a shimmering altar of Xom.
  3645 | D:4      | Reached skill level 3 in Fighting
  3645 | D:4      | Reached skill level 3 in Dodging
  3755 | D:4      | Found a staircase to the Ecumenical Temple.
  3765 | Temple   | Entered the Ecumenical Temple
  3818 | Temple   | Became a worshipper of Dithmenos the Shadowed
  3910 | D:4      | Reached skill level 4 in Short Blades
  4168 | D:5      | Entered Level 5 of the Dungeon
  4184 | D:5      | Found Sios's Antique Weapon Shop.
  4220 | D:5      | Found Ron Muc's Gadget Shoppe.
  4281 | D:5      | HP: 3/47 [orc priest/divine providence (14)]
  4282 | D:5      | Slain by an orc priest

Vault maps used:
D:1:      matt_arrival_refuge
D:3:      corexii_hall_statues_deadend, kennysheep_another_room, minmay_ruptured
D:4:      grunt_temple_overflow_order_and_chaos_1, grunt_temple_overflow_open,
          lemuel_temple_firewalk_marked, minmay_cut_off
D:5:      fedhas_altar_3, first_bread, serial_shops, shop,
          nicolae_shop_waterfront, nicolae_shop_trees, basic_altar
Temple:   circular_temple_6

Action                   |  1- 3 |  4- 6 || total
-------------------------+-------+-------++-------
Melee: Dagger            |    72 |   151 ||   223
 Fire: Blowgun           |    11 |     2 ||    13
 Abil: Bat Form          |       |     2 ||     2
       End Transformatio |       |     1 ||     1
  Use: Scroll            |     6 |     4 ||    10
       Potion            |     6 |     4 ||    10
 Stab: Sleeping          |    19 |    13 ||    32
       Distracted        |       |     1 ||     1

Vault maps used:
D:1:      matt_arrival_refuge
D:3:      corexii_hall_statues_deadend, kennysheep_another_room, minmay_ruptured
D:4:      grunt_temple_overflow_order_and_chaos_1, grunt_temple_overflow_open,
          lemuel_temple_firewalk_marked, minmay_cut_off
D:5:      fedhas_altar_3, first_bread, serial_shops, shop,
          nicolae_shop_waterfront, nicolae_shop_trees, basic_altar
Temple:   circular_temple_6

Table legend:
 A = Turns spent in this place as a percentage of turns spent in the entire game.
 B = Non-inter-level travel turns spent in this place as a percentage of non-inter-level travel turns spent in the entire game.
 C = Inter-level travel turns spent in this place as a percentage of turns spent in this place.
 D = Turns resting spent in this place as a percentage of non-inter-level travel turns spent in this place.
 E = Turns spent auto-exploring this place as a percentage of non-inter-level travel turns spent in this place.
 F = Non-inter-level travel turns spent in this place divided by the number of levels of this place that you've seen.
                   A       B       C       D       E      F
               +-------+-------+-------+-------+-------+----------------------
         Total | 100.0 | 100.0 |   0.6 |   1.3 |  11.5 | 212.3
       Dungeon |  97.7 |  97.9 |   0.5 |   1.4 |  11.1 | 249.4
        Temple |   2.3 |   2.1 |   6.9 |   0.0 |  25.9 |  27.0
               +-------+-------+-------+-------+-------+----------------------

Table legend:
 A = Kills in this place as a percentage of kills in entire the game.
 B = Kills by you in this place as a percentage of kills by you in the entire game.
 C = Kills by friends in this place as a percentage of kills by friends in the entire game.
 D = Other kills in this place as a percentage of other kills in the entire game.
 E = Experience gained in this place as a percentage of experience gained in the entire game.
 F = Experience gained in this place divided by the number of levels of this place that you have seen.
                   A       B       C       D       E      F
               +-------+-------+-------+-------+-------+----------------------
         Total | 100.0 | 100.0 |  -nan |  -nan | 100.0 | 115.7
       Dungeon | 100.0 | 100.0 |  -nan |  -nan | 100.0 | 138.8
               +-------+-------+-------+-------+-------+----------------------
